 Dungeon Crawl Stone Soup version 0.20.1-1-g8b1a95d (webtiles) character file.

12362 0gre the Basher (level 11, -2/145 HPs)
             Began as a Minotaur Berserker on Nov 1, 2017.
             Was a High Priest of Trog.
             Engulfed by a cloud of freezing vapour (8 damage)
             ... on level 11 of the Dungeon on Nov 4, 2017.
             The game lasted 00:53:27 (10491 turns).

0gre the Basher (Minotaur Berserker)               Turns: 10491, Time: 00:53:27

Health: -2/145     AC: 17    Str: 30      XL:     11   Next: 61%
Magic:  0/15       EV: 15    Int:  0      God:    Trog [*****.]
Gold:   366        SH:  0    Dex: 15 (16) Spells: 10/10 levels left

rFire    . . .     SeeInvis .   N - +2 morningstar (holy)
rCold    . . .     Gourm    .   (no shield)
rNeg     . . .     Faith    .   I - +1 troll leather armour
rPois    .         Spirit   +   (helmet restricted)
rElec    .         Reflect  .   o - +0 cloak
rCorr    .         Harm     .   r - +2 pair of gloves {Str+3}
MR       .....                  j - +1 pair of boots
Stlth    ..........             y - amulet of guardian spirit
Regen    1.2/turn               L - +3 ring of dexterity
MPRegen  0.2/turn               (no ring)

@: berserking, very slightly contaminated, slowed, lost intelligence
A: retaliatory headbutt, horns 2, molten scales 1, yellow scales 1,
deterioration 1, dopey 2, regeneration 1, wild magic 1, no potion heal 1
a: Berserk, Trog's Hand, Brothers in Arms, Burn Spellbooks, Renounce Religion


You were on level 11 of the Dungeon.
You worshipped Trog.
Trog was extremely pleased with you.
You were very hungry.

You visited 1 branch of the dungeon, and saw 11 of its levels.

You collected 553 gold pieces.
You spent 187 gold pieces at shops.

Inventory:

Hand Weapons
 a - a +3 flail
 b - a +2 flail of draining
 c - a +0 dire flail
 N - a +2 morningstar of holy wrath (weapon)
Missiles
 e - 18 tomahawks (quivered)
 f - 277 stones
Armour
 j - a +1 pair of boots (worn)
 o - a +0 cloak (worn)
 r - a +2 pair of gloves of strength (worn)
 I - a +1 troll leather armour (worn)
Jewellery
 y - an amulet of guardian spirit (around neck)
 L - a +3 ring of dexterity (left hand)
Wands
 p - a wand of iceblast (9/15)
 t - a wand of flame (17/48)
 C - a wand of iceblast (9/15)
 H - a wand of paralysis (24/24)
 K - a wand of lightning (2/15)
Scrolls
 g - 3 scrolls of recharging
 h - 8 scrolls of remove curse
 m - a scroll of blinking
 u - 3 scrolls of teleportation
 x - a scroll of magic mapping
 J - a scroll of fear
 M - a scroll of summoning {unknown}
 O - a scroll of torment {unknown}
 P - a scroll of immolation {unknown}
 R - a scroll of fog {unknown}
Potions
 d - 5 potions of haste
 i - a potion of ambrosia
 k - 4 potions of invisibility
 n - 3 potions of flight
 v - 4 potions of heal wounds
 w - 6 potions of curing
 z - a potion of lignification
 B - a potion of cancellation
 D - a potion of agility
Books
 G - a book of Power

   Spells                             Type                      Level
   a - Iskenderun's Battlesphere      Conjuration/Charms           5
   b - Venom Bolt                     Conjuration/Poison           5
   c - Bolt of Magma                  Conjuration/Fire/Earth       5
   d - Iron Shot                      Conjuration/Earth            6
   e - Orb of Destruction             Conjuration                  7
   f - Spellforged Servitor           Conjuration/Summoning        7
   Trog disapproves of the use of such an item.
Comestibles
 l - a royal jelly
 s - 8 meat rations
 E - 3 fruits
 F - 8 bread rations


   Skills:
 + Level 9.1 Fighting
 + Level 12.4(12.5) Maces & Flails
   Level 1.7(8.3) Staves
 * Level 8.6 Throwing
 + Level 7.3 Armour
 + Level 6.1 Dodging
 * Level 7.0 Evocations


You had 10 spell levels left.
You didn't know any spells.

Dungeon Overview and Level Annotations

Branches:
Dungeon (11/15)            Temple (0/1) D:6            Lair (0/6) D:9
    Orc (0/2) D:11

Altars:
Ashenzari
Cheibriados
Dithmenos
Fedhas
Uskayaw
Yredelemnul

Shops:
D:7 [


Innate Abilities, Weirdness & Mutations

You reflexively headbutt those who attack you in melee.
You have a pair of horns on your head.
You are partially covered in molten scales. (AC +2)
You are partially covered in yellow scales. (AC +2)
Your body sometimes deteriorates upon taking damage.
You are very dopey. (Int -4)
Your natural rate of healing is unusually fast.
Your spells are a little harder to cast, but a little more powerful.
Potions are less effective at restoring your health.


Message History

A red film seems to cover your vision as you go berserk!
You feel yourself moving faster!
You feel mighty!
You are feeling very hungry.
The ice beast hits you but does no damage.
The ice beast barely misses you.
You puncture the ice statue! You headbutt the ice statue!!
The ice statue is almost destroyed.
The ice statue gestures at you. The freezing blast engulfs you!
The ice beast barely misses you. You furiously retaliate!
You headbutt the ice beast! The ice beast closely misses you.
You furiously retaliate!
You headbutt the ice beast! You hit the ice statue.
You headbutt the ice statue.
You destroy the ice statue!
Trog accepts your kill.
The ice beast disappears in a puff of smoke! x2
You are engulfed in freezing vapours.
* * * LOW HITPOINT WARNING * * *
You are engulfed in freezing vapours.
You die...

#.#.##....#........ #.
..#.##.............
#.####.........##....###
#..............##..)....
#..............###...###
#..(...........###...###
#........§....$##>......
#......§§§...#.##....###
#......@§§.....##.###.#
##.....§§§.....##....###
#.............##....#..
#...................##.
#...................#..
#...........#.#)..#.##.
######..............#..
###....>.....#.##.
#......#.#...#..


There were no monsters in sight!

Vanquished Creatures
  A hydra (D:11)
  2 two-headed ogres (D:11)
  A deep elf mage (D:11)
  An ice statue (D:11)
  Psyche (D:8)
  A gargoyle (D:11)
  4 trolls
  Prince Ribbit (D:8)
  2 hippogriffs
  6 yaks (D:11)
  Grum (D:8)
  2 hungry ghosts
  2 water moccasins
  2 hell hounds (D:9)
  4 orc warriors
  3 sky beasts
  A phantom (D:11)
  The ghost of me2cool8 the Ogre Mage, an amateur OgWz (D:3)
  2 ice beasts
  7 ogres
  2 centaurs
  3 wolves (D:8)
  12 bullfrogs
  2 scorpions
  8 killer bees
  3 wights (D:11)
  2 electric eels (D:11)
  7 howler monkeys
  15 crimson imps
  A quasit (D:11)
  3 bullfrog zombies
  A centaur zombie (D:11)
  8 orc priests
  7 hounds
  2 jellies
  9 orc wizards
  Crazy Yiuf (D:5)
  A gnoll shaman (D:6)
  3 bullfrog skeletons
  5 iguanas
  6 worker ants
  A hound zombie (D:8)
  A howler monkey zombie (D:5)
  16 gnolls
  A worker ant zombie (D:8)
  13 adders
  An ooze (D:1)
  An adder zombie (D:9)
  An adder skeleton (D:8)
  2 worms
  2 dart slugs
  3 leopard geckos
  41 orcs
  2 ball pythons
  3 bats
  6 giant cockroaches
  7 goblins
  8 hobgoblins
  8 jackals
  5 quokkas
  3 frilled lizards
  8 kobolds
  A quokka skeleton (D:4)
  3 rats
283 creatures vanquished.

Vanquished Creatures (others)
  An orc wizard (D:11)
1 creature vanquished.

Grand Total: 284 creatures vanquished

Notes
Turn   | Place    | Note
-------+----------+-------------------------------------------
     0 | D:1      | 0gre the Minotaur Berserker began the quest for the Orb.
     0 | D:1      | Reached XP level 1. HP: 19/19 MP: 0/0
   144 | D:1      | Reached XP level 2. HP: 22/27 MP: 1/1
   327 | D:1      | Reached skill level 4 in Maces & Flails
   863 | D:2      | Reached XP level 3. HP: 26/33 MP: 2/2
   879 | D:2      | Found a shadowy altar of Dithmenos.
   910 | D:2      | Reached skill level 1 in Throwing
  1078 | D:2      | Reached XP level 4. HP: 38/41 MP: 3/3
  1283 | D:2      | Reached skill level 5 in Maces & Flails
  1541 | D:2      | Reached ** piety under Trog
  1621 | D:2      | Reached XP level 5. HP: 45/47 MP: 4/4
  2255 | D:3      | Found a shattered altar of Ashenzari.
  2447 | D:3      | Noticed me2cool8's ghost (amateur OgWz)
  2467 | D:3      | Killed me2cool8's ghost
  2467 | D:3      | Reached skill level 5 in Fighting
  2467 | D:3      | Reached XP level 6. HP: 56/56 MP: 5/5
  3495 | D:4      | Reached *** piety under Trog
  3496 | D:4      | Reached skill level 6 in Maces & Flails
  3597 | D:4      | Reached XP level 7. HP: 47/61 MP: 6/6
  3798 | D:4      | Found a snail-covered altar of Cheibriados.
  4123 | D:4      | Reached skill level 1 in Evocations
  4570 | D:5      | Entered Level 5 of the Dungeon
  5026 | D:5      | Found a runed door.
  5030 | D:5      | Noticed Crazy Yiuf
  5035 | D:5      | Killed Crazy Yiuf
  5341 | D:5      | Reached skill level 5 in Throwing
  5471 | D:5      | Reached XP level 8. HP: 69/69 MP: 8/8
  5685 | D:6      | Reached skill level 7 in Maces & Flails
  5685 | D:6      | Reached skill level 1 in Staves
  6038 | D:6      | Found a basalt altar of Yredelemnul.
  6042 | D:6      | Reached **** piety under Trog
  6062 | D:6      | Found a staircase to the Ecumenical Temple.
  6135 | D:6      | Received a gift from Trog
  6171 | D:6      | Reached skill level 5 in Armour
  6713 | D:7      | Noticed a hippogriff
  6724 | D:7      | Killed a hippogriff
  6780 | D:7      | Reached skill level 8 in Maces & Flails
  6780 | D:7      | Reached XP level 9. HP: 47/75 MP: 6/10
  6873 | D:7      | Found Geusomal's Antique Armour Boutique.
  6879 | D:7      | Bought a pair of runed boots for 187 gold pieces
  7275 | D:7      | Reached skill level 9 in Maces & Flails
  7467 | D:8      | Gained mutation: Your body sometimes deteriorates upon taking damage. [potion of mutation]
  7467 | D:8      | Gained mutation: You are partially covered in yellow scales. (AC +2) [potion of mutation]
  7620 | D:8      | Gained mutation: You are partially covered in molten scales. (AC +2) [mutagenic meat]
  7621 | D:8      | Gained mutation: You are dopey. (Int -2) [mutagenic meat]
  7622 | D:8      | Gained mutation: Potions are less effective at restoring your health. [mutagenic meat]
  7623 | D:8      | Gained mutation: Your spells are a little harder to cast, but a little more powerful. [mutagenic meat]
  7624 | D:8      | Gained mutation: Your natural rate of healing is unusually fast. [mutagenic meat]
  7625 | D:8      | Lost intelligence.
  7625 | D:8      | Gained mutation: You are very dopey. (Int -4) [mutagenic meat]
  7721 | D:8      | Noticed Grum
  7728 | D:8      | Killed Grum
  7735 | D:8      | Reached ***** piety under Trog
  7762 | D:8      | Noticed Psyche
  7771 | D:8      | Killed Psyche
  7771 | D:8      | Reached skill level 10 in Maces & Flails
  7771 | D:8      | Reached XP level 10. HP: 46/86 MP: 7/12
  7882 | D:8      | Reached skill level 5 in Evocations
  7888 | D:8      | Found a blossoming altar of Fedhas.
  7891 | D:8      | Noticed Prince Ribbit
  7892 | D:8      | Found a hide-covered altar of Uskayaw.
  7897 | D:8      | Killed Prince Ribbit
  8231 | D:9      | Lost intelligence.
  8238 | D:9      | Found a snail-covered altar of Cheibriados.
  8363 | D:9      | Found a staircase to the Lair.
  8434 | D:9      | Received a gift from Trog
  8806 | D:10     | Entered Level 10 of the Dungeon
  8892 | D:10     | Reached skill level 5 in Dodging
  9335 | D:10     | Reached skill level 11 in Maces & Flails
  9462 | D:11     | Noticed a deep elf mage
  9468 | D:11     | Killed a deep elf mage
  9537 | D:11     | Found a staircase to the Orcish Mines.
  9651 | D:11     | Noticed an ice statue
  9670 | D:11     | Reached XP level 11. HP: 95/95 MP: 14/14
  9738 | D:11     | Noticed a two-headed ogre
  9749 | D:11     | Killed a two-headed ogre
  9988 | D:11     | Reached skill level 12 in Maces & Flails
 10070 | D:11     | Noticed a two-headed ogre
 10075 | D:11     | Killed a two-headed ogre
 10241 | D:11     | Noticed a seven-headed hydra
 10248 | D:11     | Killed a seven-headed hydra
 10490 | D:11     | HP: 5/145 [something (10)]
 10491 | D:11     | Engulfed by a cloud of freezing vapour

Skill      XL: |  1  2  3  4  5  6  7  8  9 10 11 |
---------------+----------------------------------+-----
Maces & Flails | 4 5 6 8 10 11 12 | 12.4
Fighting       | 4 5 6 7 8 9 |  9.1
Throwing       | 1 2 3 5 6 7 8 |  8.6
Armour         | 3 4 5 6 7 |  7.3
Dodging        | 3 4 5 6 |  6.1
Evocations     | 1 3 4 6 7 |  7.0
Staves         | 1 |  1.7

Action                   |  1- 3 |  4- 6 |  7- 9 | 10-12 || total
-------------------------+-------+-------+-------+-------++-------
Melee: Mace              |    42 |    17 |       |       ||    59
       Headbutt          |     5 |    19 |    42 |    78 ||   144
       Flail             |       |    95 |   221 |   284 ||   600
       Quarterstaff      |       |       |    19 |       ||    19
       Morningstar       |       |       |       |    23 ||    23
Throw: Stone             |     4 |    48 |       |       ||    52
       Tomahawk          |       |    30 |    34 |    11 ||    75
Invok: Berserk           |       |     3 |     2 |     3 ||     8
       Trog's Hand       |       |       |     1 |       ||     1
Evoke: Wand              |       |       |     3 |     1 ||     4
  Use: Scroll            |     4 |     9 |    14 |     9 ||    36
       Potion            |       |       |     1 |     1 ||     2
 Stab: Sleeping          |     2 |       |       |       ||     2
  Eat: Chunk             |       |    11 |    24 |    14 ||    49
       Royal jelly       |       |       |       |     1 ||     1
Armor: Robe              |     6 |     7 |       |       ||    13
       Leather armour    |       |     5 |       |       ||     5
       Ring mail         |       |    12 |   113 |   119 ||   244
       Skin              |       |       |    60 |       ||    60
       Troll leather arm |       |       |       |    59 ||    59
Dodge: Dodged            |    29 |    61 |   152 |   268 ||   510
